 Dungeon Crawl Stone Soup version 0.27.0-1-g7a089689b8 (webtiles) character file.

Game seed: 15920588088258886640

35 nightchill the Sneak (level 3, -5/20 HPs)
             Began as a Kobold Enchanter on Aug 4, 2021.
             Slain by a bullfrog skeleton (6 damage)
             ... on level 2 of the Dungeon.
             The game lasted 00:03:37 (1946 turns).

nightchill the Sneak (Kobold Enchanter)             Turns: 1946, Time: 00:03:38

Health: -5/20      AC:  2    Str:  6    XL:     3   Next: 55%
Magic:  5/6        EV: 15    Int: 16    God:
Gold:   72         SH:  0    Dex: 15    Spells: 3/6 levels left

rFire    . . .     SeeInvis .   a - +1 dagger
rCold    . . .     Faith    .   (shield restricted)
rNeg     . . .     Spirit   .   b - +0 robe
rPois    +         Reflect  .   (no helmet)
rElec    .         Harm     .   (no cloak)
rCorr    .         Rampage  .   (no gloves)
Will     .....                  (no boots)
Stlth    ++++......             (no amulet)
HPRegen  0.06/turn              h - ring of poison resistance
MPRegen  0.10/turn              (no ring)

@: no status effects
A: small, no large weapons, nightstalker 3
a: no special abilities


You were on level 2 of the Dungeon.
You visited 1 branch of the dungeon, and saw 2 of its levels.

You collected 72 gold pieces.

Inventory:

Hand Weapons
 a - a +1 dagger (weapon)
Armour
 b - a +0 robe (worn)
 e - a +0 pair of gloves
Jewellery
 h - a ring of poison resistance (left hand)
Scrolls
 d - a scroll of teleportation {unknown}
 f - a scroll of fog {unknown}
Potions
 c - a potion of ambrosia {unknown}
 g - a potion of attraction {unknown}
 i - a potion of degeneration {unknown}


   Skills:
 + Level 0.9 Fighting
 * Level 2.6 Short Blades
 - Level 2.4 Dodging
 * Level 4.6 Stealth
 - Level 2.1 Spellcasting
 * Level 3.4 Hexes


You had 3 spell levels left.
You knew the following spells:

 Your Spells              Type           Power      Damage    Failure   Level
a - Corona                Hex            13%        N/A       4%          1
b - Ensorcelled Hibernat  Hex/Ice        14%        N/A       16%         2

Your spell library contained the following spells:

 Spells                   Type           Power      Damage    Failure   Level
 Confusing Touch          Hex            12%        N/A       16%         3
 Tukima's Dance           Hex            12%        N/A       16%         3
 Dazzling Flash           Conj/Hex       14%        N/A       30%         3
 Gell's Gravitas          Tloc           0%         N/A       52%         3
 Teleport Other           Tloc           1%         N/A       52%         3
 Dispersal                Tloc           0%         N/A       100%        6


Dungeon Overview and Level Annotations

Branches:
Dungeon (2/15)

Altars:

Annotations:
D:2 exclusion: door


Innate Abilities, Weirdness & Mutations

You are small and have problems with some larger weapons.
You are completely attuned to the shadows.


Message History

You are very lightly contaminated with residual magic.
Nothing appears to happen.
The bullfrog skeleton closely misses you.
Casting: Corona (safe; 4% risk of failure)
Confirm with . or Enter, or press ? or * to list all spells.
Aiming: Corona (safe; 4% risk of failure)
Press: ? - help, Shift-Dir - straight line, f/p - bullfrog skeleton
Aim: a bullfrog skeleton (lightly damaged, chance to affect: 62%)
The bullfrog skeleton is outlined in light.
The bullfrog skeleton misses you.
You hit the bullfrog skeleton.
The bullfrog skeleton is lightly damaged.
The bullfrog skeleton hits you.
You hit the endoplasm.
The endoplasm is moderately wounded.
You hit the endoplasm.
The endoplasm is severely wounded.
The endoplasm hits you but does no damage.
You hit the endoplasm.
You kill the endoplasm!
You hit the bullfrog skeleton.
The bullfrog skeleton is moderately damaged.
The bullfrog skeleton hits you.
* * * LOW HITPOINT WARNING * * *
You hit the bullfrog skeleton.
The bullfrog skeleton is moderately damaged.
The bullfrog skeleton misses you.
Your magical contamination has completely faded away.
You hit the bullfrog skeleton but do no damage.
The bullfrog skeleton is moderately damaged.
The bullfrog skeleton stops glowing.
The bullfrog skeleton barely misses you.
You hit the bullfrog skeleton.
The bullfrog skeleton is heavily damaged.
The bullfrog skeleton hits you.
* * * LOW HITPOINT WARNING * * *
You barely miss the bullfrog skeleton.
The bullfrog skeleton is heavily damaged.
The bullfrog skeleton hits you.
You die...

##### #...# #.#.#
#.#.# #.#.# ### #@#.#
...[.# #Z#.#
#..#.########.#<#
#.....#.....J....###
#.###.......Z........
... #.#.....>########
#†###...######
#......## ...#.[.#


You could see a bullfrog skeleton.

Vanquished Creatures
  An adder (D:2)
  2 endoplasms
  2 goblins
  6 hobgoblins (D:1)
  2 quokkas
  A ball python (D:2)
  3 bats
  2 frilled lizards (D:2)
  4 kobolds (D:1)
  2 rats (D:1)
25 creatures vanquished.

Notes
Turn   | Place    | Note
-------+----------+-------------------------------------------
     0 | D:1      | nightchill the Kobold Enchanter began the quest for the
                  | Orb.
     0 | D:1      | Reached XP level 1. HP: 10/10 MP: 3/3
   683 | D:1      | Reached XP level 2. HP: 15/15 MP: 5/5
   686 | D:1      | Learned a level 2 spell: Ensorcelled Hibernation
  1591 | D:2      | Found a faded altar of an unknown god.
  1647 | D:2      | Reached XP level 3. HP: 20/20 MP: 4/6
  1945 | D:2      | HP: 1/20 [bullfrog skeleton (5)]
  1946 | D:2      | Slain by a bullfrog skeleton

Illustrated notes

Levels and vault maps discovered:
D:1:      tarquinn_simple_flora_water_d, layout_loops_corners,
          minmay_fountain_box, hangedman_glass_teeth, minmay_distorted
D:2:      layout_basic, ebering_ecumenical_altar_sacrificial,
          minmay_fractal_squares_5

Skill      XL: |  1  2 |
---------------+-------+-----
Short Blades   | 2 |  2.6
Fighting       | |  0.9
Dodging        | |  2.4
Stealth        | |  4.6
Spellcasting   | |  2.1
Hexes          | |  3.4

Action                   || total
-------------------------++-------
Melee: Dagger            ||    84
 Cast: Corona            ||    14
       Ensorcelled Hiber ||     2
 Stab: Sleeping          ||    12
Armor: Robe              ||    10
Dodge: Dodged            ||    75
